 Dungeon Crawl Stone Soup version 0.29.0-11-gd7f09526c8 (webtiles) character file.

Game seed: 15413004319208963093

60 leavemydog the Digger (level 4, -2/24 HPs)
             Began as a Gargoyle Earth Elementalist on Sept 6, 2022.
             Killed from afar by Ijyb (12 damage)
             ... with a bolt of acid
             ... on level 3 of the Dungeon.
             The game lasted 00:03:26 (2056 turns).

leavemydog the Digger (Gargoyle Earth Elementalist) Turns: 2056, Time: 00:03:26

Health: -2/24      AC:  1    Str: 11    XL:     4   Next: 6%
Magic:  8/8        EV: 11    Int: 18    God:
Gold:   86         SH:  0    Dex: 10    Spells: 5/9 levels left

rFire   . . .      SeeInvis .   s - +0 quarterstaff
rCold   + . .      Faith    .   (shield currently unavailable)
rNeg    + . .      Spirit   .   a - +0 robe
rPois   ∞          Reflect  .   (no helmet)
rElec   +          Harm     .   (no cloak)
rCorr   .          Rampage  .   (no gloves)
Will    .....                   (no boots)
Stlth   ++........              (no amulet)
HPRegen 0.08/turn               p - ring of protection from cold
MPRegen 0.11/turn               (no ring)

@: corroded
A: sickness immunity, AC +3, negative energy resistance 1, electricity
resistance, torment resistance 1, petrification resistance
a: no special abilities


You were on level 3 of the Dungeon.
You visited 1 branch of the dungeon, and saw 3 of its levels.

You collected 86 gold pieces.

Inventory:

Hand Weapons
 s - a +0 quarterstaff (weapon)
Missiles
 g - 6 boomerangs
Armour
 a - a +0 robe (worn)
 l - the +0 pair of boots of the Spheres {*Slow rElec rN++ Int+2}
   (You found it on level 2 of the Dungeon)

   Int:       It affects your intelligence (+2).
   rElec:     It insulates you from electricity.
   rN:        It greatly protects you from negative energy.
   *Slow:     It may slow you when you take damage.
Magical Staves
 h - a staff of cold
 j - a staff of fire
Jewellery
 m - a ring of fire
 p - a ring of protection from cold (left hand)
Scrolls
 c - 2 scrolls of identify {unknown}
 d - a scroll of amnesia {unknown}
 e - a scroll of immolation {unknown}
 n - a scroll of vulnerability {unknown}
 o - a scroll of summoning {unknown}
 q - a scroll of blinking {unknown}
 r - a scroll of fear {unknown}
Potions
 b - a potion of magic
 f - 4 potions of curing {unknown}
 i - 3 potions of mutation {unknown}
 k - a potion of lignification {unknown}


   Skills:
 - Level 1.5 Dodging
 - Level 2.1 Stealth
 + Level 3.0 Spellcasting
 - Level 0.7 Transmutations
 + Level 4.9 Earth Magic


You had 5 spell levels left.
You knew the following spells:

 Your Spells              Type           Power      Damage    Failure   Level
a - Sandblast             Erth           40%        2d10      2%          1
b - Stone Arrow           Conj/Erth      22%        3d8       17%         3

Your spell library contained the following spells:

 Spells                   Type           Power      Damage    Failure   Level
 Passwall                 Tmut/Erth      10%        N/A       8%          2
 Wereblood                Tmut           5%         N/A       19%         2
 Petrify                  Tmut/Erth      12%        N/A       45%         4
 Summon Hydra             Summ           1%         N/A       100%        7
 Sublimation of Blood     Necr           Unusable   N/A       N/A         2

Dungeon Overview and Level Annotations

Branches:
Dungeon (3/15)

Altars:

Shops:
D:2 (

Annotations:
D:3 Ijyb


Innate Abilities, Weirdness & Mutations

You are immune to sickness and miasma.
Your stone body is resilient. (AC +3)
You are immune to poison.
You resist negative energy. (rN+)
You are resistant to electric shocks. (rElec)
You are resistant to unholy torment.
You are immune to petrification.


Message History

You open the door.
There is an open door here.
c - 2 scrolls labelled LOCVOB VISHIOB (gained 1)
Found a faded altar of an unknown god.
There is a faded altar of an unknown god here.
e - a scroll labelled QONEN CUISMITS
There is a stone staircase leading up here.
You see here a +0 club.
As you open the door, it creaks loudly!
There is an open door here.
You open the door.
A goblin comes into view. It is wielding a +0 dagger.
A goblin is nearby!
The blast of sand hits the goblin!
You kill the goblin!
Magic restored.
Found an escape hatch in the ceiling.
There is an open door here.
A ball python comes into view.
A ball python is nearby!
Ijyb the Twisted Goblin comes into view.
She is wielding a +0 club, wearing a +3 chain mail of willpower and carrying a wand of acid (10).
The ball python hisses angrily.
You hear a shout!
An adder and a hobgoblin come into view.
The hobgoblin shouts!
You closely miss the ball python.
A giant cockroach comes into view.
The ball python misses you. The ball python grabs you.
The ball python constricts you.
You completely miss the ball python.
The ball python bites you but does no damage.
The ball python constricts you.
Ijyb screams, "Die!"
Ijyb zaps a wand.
The bolt of acid hits you!
Ouch! That really hurt!
The acid corrodes you! The ball python barely misses you.
The ball python constricts you.
You escape the ball python's grasp.
Ijyb zaps a wand.
The bolt of acid hits you!
Ouch! That really hurt!
You die...

... ..... #.#
...B.#######.#
...g......#.#
............#
#.........#
#.g.......#
#...S.....###########
#..<@.....'..........
#.!......)###########
#.........#
#.........#
.S.........#
....#+####### .....
....#


You could see Ijyb, an adder, a giant cockroach, a hobgoblin and a ball python.

Vanquished Creatures
  An adder (D:2)
  2 dart slugs (D:1)
  5 ball pythons
  6 endoplasms
  2 giant cockroaches
  5 goblins
  A hobgoblin (D:1)
  6 kobolds
  2 quokkas (D:1)
  7 bats
  2 frilled lizards
  4 rats
43 creatures vanquished.

Notes
Turn   | Place    | Note
-------+----------+-------------------------------------------
     0 | D:1      | leavemydog the Gargoyle Earth Elementalist began the quest
                  | for the Orb.
     0 | D:1      | Reached XP level 1. HP: 10/10 MP: 3/3
   212 | D:1      | Reached skill level 4 in Earth Magic
   329 | D:1      | Reached XP level 2. HP: 15/15 MP: 3/5
   924 | D:1      | Reached XP level 3. HP: 19/19 MP: 2/6
  1284 | D:2      | Identified the +0 pair of boots of the Spheres {*Slow rElec
                  | rN++ Int+2}
  1610 | D:2      | Learned a level 3 spell: Stone Arrow
  1673 | D:2      | Reached XP level 4. HP: 24/24 MP: 5/8
  1894 | D:2      | Found Kori Gosm's Antique Weapon Boutique.
  1983 | D:3      | Found a faded altar of an unknown god.
  2051 | D:3      | Noticed Ijyb
  2056 | D:3      | Killed from afar by Ijyb

Illustrated notes

Levels and vault maps discovered:
D:1:      dpeg_chamrin_arrival_tetris, layout_basic
D:2:      layout_rooms, serial_shops, nicolae_shop_hallway_stairs, st_stairs_8,
          dk_noncrumbling_3, minmay_tripent
D:3:      layout_basic, tgw_kikubaaqudgha, basic_ecumenical_altar, uniq_ijyb,
          uniq_terence, uniq_robin

Skill      XL: |  1  2  3  4 |
---------------+-------------+-----
Earth Magic    | 4 |  4.9
Spellcasting   | 3 |  3.0
Dodging        | |  1.5
Stealth        | |  2.1
Transmutations | |  0.7

Action                   |  1- 3 |  4- 6 || total
-------------------------+-------+-------++-------
Melee: Unarmed           |    13 |       ||    13
       Club              |     2 |     4 ||     6
       Quarterstaff      |       |     2 ||     2
 Cast: Sandblast         |    54 |     1 ||    55
Armor: Robe              |    20 |     7 ||    27
Dodge: Dodged            |    36 |     7 ||    43
